 Dungeon Crawl Stone Soup version 0.19.4 (webtiles) character file.

1042 nono the Slinger (level 8, -3/76 HPs)
             Began as a Halfling Monk on Feb 4, 2017.
             Was a Believer of Okawaru.
             Shot with a bolt by an orc warrior (16 damage)
             ... in a bailey.
             The game lasted 00:20:24 (6443 turns).

nono the Slinger (Halfling Monk)                    Turns: 6443, Time: 00:20:24

Health: -3/76      AC: 24    Str: 14    XL:     8   Next: 49%
Magic:  6/8        EV:  3    Int:  8    God:    Okawaru [**....]
Gold:   420        SH:  0    Dex: 17    Spells: 0 memorised, 7 levels left

rFire  . . .     SeeInvis .     b - +0 hunting sling
rCold  . . .     Gourm    .     (armour currently unavailable)
rNeg   + + +     Faith    .     (shield restricted)
rPois  +         Spirit   .     (helmet currently unavailable)
rElec  .         Reflect  .     (cloak currently unavailable)
rCorr  .         Harm     .     (gloves currently unavailable)
MR     .....     NoTele   +     (boots currently unavailable)
Stlth  ++++......               (no amulet)
                                (no ring)
                                (no ring)

@: tree-form, heroism
A: mutation resistance 1
a: Heroism, Renounce Religion


You were in a bailey.
You worshipped Okawaru.
Okawaru was pleased with you.
You were not hungry.
You were a tree.
You visited 2 branches of the dungeon, and saw 8 of its levels.
You also visited: Bailey.

You collected 420 gold pieces.

Inventory:

Hand Weapons
 a - a +0 falchion
 b - a +0 hunting sling (weapon)
 t - a +0 blowgun
Missiles
 g - 44 poisoned needles
 m - 178 stones
 r - 19 sling bullets (quivered)
Armour
 e - a +0 ring mail
 p - a +0 robe
 q - a +3 ring mail (melded)
 s - a +0 scale mail
 A - a +0 helmet (melded)
Rods
 z - a +1 rod of clouds (11/11)
   (You took it off Eustachio on level 5 of the Dungeon)
Scrolls
 d - 3 scrolls of remove curse
 j - a scroll of blinking {unknown}
 k - a scroll of teleportation {unknown}
 l - a scroll of recharging {unknown}
 o - a scroll of amnesia
 v - a scroll of immolation
 w - a scroll of noise {unknown}
 y - a scroll of random uselessness {unknown}
 B - a scroll of enchant weapon {unknown}
 D - a scroll of fear {unknown}
 F - 2 scrolls of identify
Potions
 i - a potion of cure mutation
 u - a potion of agility {unknown}
 x - a potion of brilliance
 C - a potion of magic
 G - a potion of haste {unknown}
Comestibles
 c - 3 bread rations
 f - 6 meat rations
 E - 3 chunks of flesh


   Skills:
 - Level 2.6(7.6) Fighting
 - Level 3.9(8.9) Long Blades
 * Level 8.0(13.0) Slings
 + Level 5.1(10.1) Armour
 + Level 6.0(11.0) Dodging
 - Level 2.8(7.8) Stealth


You had 7 spell levels left.
You didn't know any spells.

Dungeon Overview and Level Annotations

Branches:
Dungeon (7/15)             Temple (1/1) D:5

Altars:
Ashenzari
Dithmenos
Fedhas
Gozag
Hepliaklqana
Kikubaaqudgha
Okawaru
Qazlal
Ru
Sif Muna
Trog
Vehumet
Yredelemnul
The Shining One

Annotations:
D:5 Homuleg's ghost, amateur MiFi


Innate Abilities, Weirdness & Mutations

You are small and have problems with some larger weapons.
You are somewhat resistant to further mutation.


Message History

The stone hits the orc warrior but does no damage.
The orc warrior shoots a bolt.
The bolt hits you but does no damage.
Quiver which item? (- for none, * to show all) (? for menu, Esc to quit)
Quivering
r - 21 sling bullets for slings.
Firing (i - inventory. (,) - cycle):
r - 21 sling bullets (quivered)
Press: ? - help, Shift-Dir - straight line, f/p - orc warrior
Aim: an orc warrior, wielding an arbalest and wearing a scale mail You shoot a sling bullet.
The sling bullet closely misses the orc warrior.
You hear a splash.
Firing (i - inventory. (,) - cycle):
r - 20 sling bullets (quivered)
Press: ? - help, Shift-Dir - straight line, f/p - orc warrior
Aim: an orc warrior, wielding an arbalest and wearing a scale mail You shoot a sling bullet.
The sling bullet hits the orc warrior but does no damage.
The orc warrior shoots a bolt.
The bolt hits you!
* * * LOW HITPOINT WARNING * * *
You gain the combat prowess of a mighty hero.
The orc warrior shoots a bolt.
The bolt hits you!
You die...

############################
...........♣................
............................
............................
.......(....................
............................
..............o.............
≈≈≈≈≈≈≈≈≈≈≈≈≈≈≈≈≈≈≈≈≈≈≈≈≈...
#≈≈≈≈≈≈≈≈≈≈≈≈≈≈(≈≈≈≈#.#≈≈...
##≈≈≈≈≈≈≈≈≈≈≈≈≈≈≈≈≈##.##≈...


You could see an orc warrior.

Vanquished Creatures
  Eustachio (D:5)
  An orc warrior (D:6)
  An ogre (D:4)
  A centaur (D:6)
  A scorpion (D:7)
  A howler monkey (D:4)
  The ghost of Jooles the Conjurer, a weakling DECj (D:3)
  A bullfrog zombie (D:5)
  3 orc priests
  A bullfrog skeleton (D:5)
  4 orc wizards
  4 worker ants
  8 adders
  A dart slug (D:2)
  5 leopard geckos
  22 orcs
  8 bats
  7 giant cockroaches
  10 goblins
  6 hobgoblins
  A quokka (D:2)
  3 ball pythons
  7 frilled lizards
  7 kobolds
  3 rats
  A spectral orc (D:4)
109 creatures vanquished.

Notes
Turn   | Place    | Note
-------+----------+-------------------------------------------
     0 | D:1      | nono the Halfling Monk began the quest for the Orb.
     0 | D:1      | Reached XP level 1. HP: 15/15 MP: 1/1
    17 | D:1      | You fall through a shaft!
    81 | D:2      | Reached XP level 2. HP: 13/20 MP: 2/2
   813 | D:1      | Reached skill level 1 in Armour
   813 | D:1      | Reached XP level 3. HP: 24/25 MP: 3/3
  1287 | D:2      | Reached XP level 4. HP: 25/30 MP: 4/4
  1793 | D:3      | Reached skill level 1 in Slings
  1793 | D:3      | Reached XP level 5. HP: 28/35 MP: 5/5
  1965 | D:3      | Found a stormy altar of Qazlal.
  2179 | D:3      | Reached skill level 2 in Slings
  2233 | D:3      | Found a shadowy altar of Dithmenos.
  2335 | D:3      | Found a blossoming altar of Fedhas.
  2416 | D:3      | Noticed Jooles's ghost (weakling DECj)
  2429 | D:3      | Killed Jooles's ghost
  2429 | D:3      | Reached XP level 6. HP: 39/41 MP: 6/6
  2945 | D:4      | Found a deep blue altar of Sif Muna.
  2950 | D:4      | Noticed an ogre
  2960 | D:4      | Killed an ogre
  2960 | D:4      | Reached skill level 3 in Slings
  3241 | D:4      | Found a basalt altar of Yredelemnul.
  3303 | D:4      | Reached skill level 4 in Slings
  3303 | D:4      | Reached skill level 5 in Dodging
  3614 | D:5      | Entered Level 5 of the Dungeon
  3614 | D:5      | Noticed Eustachio
  3650 | D:5      | Killed Eustachio
  3650 | D:5      | Reached skill level 5 in Slings
  3650 | D:5      | Reached XP level 7. HP: 43/45 MP: 7/7
  3808 | D:5      | Found an opulent altar of Gozag.
  3857 | D:5      | Noticed Homuleg's ghost (amateur MiFi)
  4017 | D:5      | Found a radiant altar of Vehumet.
  4196 | D:5      | Found a staircase to the Ecumenical Temple.
  4206 | Temple   | Entered the Ecumenical Temple
  4228 | Temple   | Became a worshipper of Warmaster Okawaru
  4228 | Temple   | Reached * piety under Okawaru
  4228 | Temple   | Reached ** piety under Okawaru
  4482 | D:6      | Reached skill level 6 in Slings
  5301 | D:6      | Reached XP level 8. HP: 51/51 MP: 8/8
  5383 | D:6      | Reached skill level 7 in Slings
  5819 | D:6      | Reached skill level 5 in Armour
  6292 | D:7      | Reached skill level 8 in Slings
  6305 | D:7      | Found a hazy altar of Hepliaklqana.
  6352 | D:7      | Found a flagged portal.
  6377 | Bailey   | Entered a bailey
  6435 | Bailey   | HP: 1/51 [orc warrior/bolt (11)]
  6443 | Bailey   | Shot with a bolt by an orc warrior

Skill      XL: |  1  2  3  4  5  6  7  8 |
---------------+-------------------------+-----
Armour         | 1 2 4 5 |  5.1
Dodging        | 4 5 6 |  6.0
Slings         | 1 2 5 6 8 |  8.0
Fighting       | |  2.6
Long Blades    | |  3.9
Stealth        | |  2.8

Action                   |  1- 3 |  4- 6 |  7- 9 || total
-------------------------+-------+-------+-------++-------
Melee: Falchion          |    82 |   121 |    53 ||   256
 Fire: Hunting sling     |       |   143 |   141 ||   284
       Blowgun           |       |       |    15 ||    15
Invok: Heroism           |       |       |     3 ||     3
  Use: Scroll            |       |     1 |     4 ||     5
       Potion            |       |       |     4 ||     4
 Stab: Sleeping          |     9 |     1 |     1 ||    11
  Eat: Chunk             |     1 |     8 |     7 ||    16
       Pizza             |       |       |     1 ||     1
Armor: Robe              |     3 |       |       ||     3
       Ring mail         |    24 |    53 |    43 ||   120
       Skin              |       |       |     2 ||     2
Dodge: Dodged            |    64 |   179 |   125 ||   368
       Rpst.: Falchion   |    20 |    25 |    12 ||    57
